 Dungeon Crawl Stone Soup version 0.20-a0-1122-gb7cbeb9 (webtiles) character file.

233200 Kidiri the Eclecticist (level 18, -5/114 HPs)
             Began as a Deep Elf Fire Elementalist on May 9, 2017.
             Was the Champion of Vehumet.
             Slain by a salamander (10 damage)
             ... on level 1 of the Snake Pit on May 11, 2017.
             The game lasted 03:20:54 (36325 turns).

Kidiri the Eclecticist (DEFE)                      Turns: 36325, Time: 03:20:55

Health: -5/114     AC: 26    Str:  5    XL:     18   Next: 84%
Magic:  5/42       EV: 20    Int: 31    God:    Vehumet [******]
Gold:   554        SH: 12    Dex: 21    Spells: 7/53 levels left

rFire    . . .     SeeInvis .   D - +7 dagger (protect)
rCold    . . .     Gourm    .   x - +2 shield {AC+3}
rNeg     . . .     Faith    .   B - +1 robe "Ifereibbu" {rPois rF- MR+++ Int-2}
rPois    +         Spirit   .   l - +2 helmet
rElec    .         Reflect  .   m - +2 cloak {rF+}
rCorr    .         Harm     .   O - +0 pair of gloves
MR       ++++.     Clarity  +   f - +2 pair of boots
Stlth    +++.......             g - amulet of magic regeneration
Regen    0.3/turn               p - +6 ring of protection
MPRegen  0.5/turn               e - +4 ring of evasion

@: lethally poisoned (-5 -> -7), about to teleport, constricted
A: thin skeletal structure 2, yellow scales 1, agile 1, clarity, clever 2,
robust 1, screaming 1, wild magic 1, no potion heal 1
}: 1/15 runes: barnacled
a: Renounce Religion


You were on level 1 of the Snake Pit.
You worshipped Vehumet.
Vehumet was exalted by your worship.
You were full.

You visited 6 branches of the dungeon, and saw 29 of its levels.
You also visited: Bailey and Volcano.

You collected 3052 gold pieces.
You spent 2498 gold pieces at shops.

Inventory:

Hand Weapons
 D - a +7 dagger of protection (weapon)
Armour
 f - a +2 pair of boots (worn)
 l - a +2 helmet (worn)
 m - a +2 cloak of fire resistance (worn)
 x - a +2 shield of protection (worn)
 B - the +1 robe "Ifereibbu" (worn) {rPois rF- MR+++ Int-2}
   (You found it on level 8 of the Dungeon)

   It affects your intelligence (-2).
   It makes you vulnerable to fire.
   It protects you from poison.
   It affects your resistance to hostile enchantments.
 O - a +0 pair of gloves (worn)
Jewellery
 d - an uncursed ring of fire
 e - a +4 ring of evasion (right hand)
 g - an amulet of magic regeneration (around neck)
 p - a +6 ring of protection (left hand)
 y - an uncursed ring of wizardry
 E - an uncursed ring of magical power
 I - an uncursed ring of flight
 N - an uncursed ring of protection from magic
Wands
 q - a wand of iceblast (9/15)
 r - a wand of disintegration (20/24)
 u - a wand of lightning (5/15)
 G - a wand of confusion (18/48)
 H - a wand of paralysis (8/24)
 R - a wand of flame (28/48)
Scrolls
 a - 6 scrolls of remove curse
 b - 9 scrolls of recharging
 i - 4 scrolls of immolation
 v - 9 scrolls of teleportation
 w - a scroll of fog
 C - a scroll of amnesia
 U - a scroll of magic mapping
Potions
 h - 3 potions of lignification
 j - 7 potions of might
 k - 4 potions of berserk rage
 n - 5 potions of flight
 o - 4 potions of resistance
 z - 7 potions of agility
 F - 3 potions of brilliance
 J - 2 potions of ambrosia
 L - 4 potions of invisibility
 Q - 4 potions of haste
 V - 7 potions of curing
 Z - 3 potions of heal wounds
Comestibles
 c - 17 bread rations
 t - 8 meat rations
 S - 3 fruits


   Skills:
 + Level 8.3 Fighting
 - Level 8.7 Short Blades
 - Level 9.0 Armour
 - Level 10.0 Dodging
 - Level 2.4 Stealth
 + Level 6.5 Shields
 * Level 18.1 Spellcasting
 + Level 11.0 Conjurations
 + Level 12.0 Fire Magic
 + Level 10.8 Ice Magic
 + Level 7.0 Air Magic
 + Level 10.5 Earth Magic
 + Level 10.3 Poison Magic


You had 7 spell levels left.
You knew the following spells:

 Your Spells              Type           Power        Failure   Level  Hunger
a - Flame Tongue          Conj/Fire      #####        1%          1    None
b - Throw Flame           Conj/Fire      ######       1%          2    None
c - Conjure Flame         Conj/Fire      #######.     1%          3    None
d - Inner Flame           Hex/Fire       ######..     1%          3    None
e - Ignite Poison         Fire/Tmut/Pois #######.     1%          3    None
f - Sticky Flame          Conj/Fire      #######.     1%          4    None
g - Fireball              Conj/Fire      #######...   1%          5    None
h - Bolt of Fire          Conj/Fire      #######...   2%          6    None
i - Stone Arrow           Conj/Erth      ######       1%          3    None
j - Venom Bolt            Conj/Pois      #######...   1%          5    None
k - Lee's Rapid Deconstr  Erth           #######...   1%          5    None
l - Freezing Cloud        Conj/Ice/Air   #######...   4%          6    None


Dungeon Overview and Level Annotations

Branches:
Dungeon (15/15)            Temple (1/1) D:6            Lair (6/6) D:9
 Shoals (4/4) Lair:3        Snake (1/4) Lair:3        Slime (0/5) Lair:5
    Orc (2/2) D:11            Elf (0/3) Orc:2        Vaults (0/5) D:14
 Depths (0/5) D:15

Altars:
Ashenzari
Cheibriados
Dithmenos
Elyvilon
Fedhas
Gozag
Hepliaklqana
Kikubaaqudgha
Makhleb
Nemelex Xobeh
Okawaru
Qazlal
Ru
Sif Muna
Trog
Uskayaw
Vehumet
Wu Jian
Xom
Yredelemnul
Zin
The Shining One
Beogh
Jiyva

Shops:
D:4 *   D:10 :   D:14 (   D:15 (   Orc:2 [=[(   Shoals:3 *   Snake:1 *!

Portals:
Trove: D:13 (give +2 fire dragon scales)


Innate Abilities, Weirdness & Mutations

You have a moderately thin skeletal structure. (Dex +4, Stealth+)
You are partially covered in yellow scales. (AC +2)
You are agile. (Dex +2)
You possess an exceptional clarity of mind.
Your mind is very acute. (Int +4)
You are robust. (+10% HP)
You occasionally shout uncontrollably at your foes.
Your spells are a little harder to cast, but a little more powerful.
Potions are less effective at restoring your health.


Message History

A black mamba comes into view.
As you read the scroll of teleportation, it crumbles to dust.
You feel strangely unstable.
You feel sick.
The naga warrior burns!
The naga warrior stops burning.
The naga warrior hits you with a dire flail!
* * * LOW HITPOINT WARNING * * *
The naga moves out of view.
The salamander hits you!
* * * LOW HITPOINT WARNING * * *
You are engulfed in flames!
* * * LOW HITPOINT WARNING * * *
A black mamba comes into view.
Your system partially rejects the healing.
You feel much better.
You feel sick. You block the naga warrior's attack.
* * * LOW HITPOINT WARNING * * *
The naga warrior constricts you.
The naga warrior hits you but does no damage.
The salamander hits you.
* * * LOW HITPOINT WARNING * * *
You are engulfed in flames!
You die...

).... .... #N...# ....
#.S...# ..... #...... ##SS.#
##.S..... ..... ##..
.....#...# ....# #..NN.#
.....## #@#..#####....#
........###N#..##.........
.........#.................#
............#.#.............#
..........###.#.............
..........# #.#...........#
..........# #.#..........# #
...[......# #.[...).....# #.
#........## #.#.........# #..


You could see 2 naga warriors, a salamander, a naga ritualist (fleeing), a
guardian serpent (fleeing) and 3 black mambas.

Vanquished Creatures
  Polyphemus (Shoals:2)
  Gastronok (Lair:1)
  Roxanne (Shoals:1)
  A fire giant (D:15)
  3 frost giants (Shoals:1)
  Ilsuiw (Shoals:4)
  Aizul (Shoals:3)
  An orc warlord (Orc:2)
  A stone giant (Shoals:1)
  2 entropy weavers (Lair:4)
  Nessos (Lair:4)
  Snorg (Lair:4)
  2 merfolk javelineers
  The ghost of Xoff the Protected, a journeyman MiFi of Okawaru (D:10)
  11 merfolk impalers
  11 hydras
  6 merfolk avatars
  2 centaur warriors
  An ogre mage (D:14)
  3 two-headed ogres
  4 catoblepae
  2 merfolk aquamancers (Shoals:4)
  2 death knights (D:15)
  An anaconda (Snake:1)
  A tengu warrior (D:13)
  A satyr (Shoals:2)
  A queen ant (Lair:4)
  8 death yaks
  2 orc high priests (Orc:2)
  4 naga sharpshooters (Snake:1)
  Sonja (Lair:2)
  A deep elf knight (D:14)
  Nergalle (Lair:1)
  16 sea snakes
  3 unseen horrors
  A kraken simulacrum (Shoals:4)
  3 naga ritualists (Snake:1)
  A lindwurm (Lair:6)
  An orange crystal statue (D:12)
  4 orc knights
  22 harpies
  6 mana vipers (Snake:1)
  20 manticores
  14 cyclopes
  5 orc sorcerers (Orc:2)
  16 fauns
  7 deep elf magi
  14 ugly things
  3 slime creatures (D:14)
  An oklob plant (Lair:3)
  10 merfolk sirens
  4 water nymphs (Shoals:4)
  A molten gargoyle (Volcano)
  18 black mambas
  5 centaur zombies
  An ice statue (D:12)
  15 spiny frogs
  A torpor snail (Lair:4)
  3 gargoyles
  A rime drake (Lair:6)
  3 kobold demonologists (D:11)
  2 freezing wraiths (D:13)
  3 tengu conjurers
  11 komodo dragons
  2 hellwings (D:10)
  7 trolls
  A polar bear (Lair:6)
  3 meliai (D:12)
  9 wind drakes
  32 merfolk
  A harpy skeleton (D:13)
  12 dream sheep
  2 hornets
  23 blink frogs
  17 hippogriffs
  A meliai zombie (D:12)
  13 snapping turtles
  6 water elementals
  3 wyverns
  2 wraiths
  2 shadows
  A tarantella (shapeshifter) (D:15)
  2 vampires
  44 yaks
  2 fire bats (Lair:1)
  A human (D:9)
  A fire elemental (Volcano)
  4 hogs (D:9)
  2 basilisks
  6 wargs
  7 soldier ants (Lair:4)
  An acid dragon (D:15)
  8 nagas
  16 water moccasins
  Duvessa (D:6)
  12 porcupines
  34 orc warriors
  5 sky beasts
  5 ice beasts
  3 phantoms
  A hornet zombie (D:10)
  18 centaurs
  An eye of draining (D:9)
  18 ogres
  4 wolves (Lair:3)
  4 crocodiles
  3 big kobolds
  21 bullfrogs
  A gnoll sergeant (D:8)
  Dowan (D:6)
  3 wyvern zombies
  4 scorpions
  3 killer bees (D:9)
  A jelly (D:6)
  6 wights
  An electric eel (Lair:5)
  6 howler monkeys
  8 crimson imps
  28 orc priests
  5 hounds
  30 orc wizards
  A bullfrog skeleton (D:12)
  3 iguanas
  Jessica (D:3)
  5 centaur skeletons
  Ijyb (D:3)
  35 worker ants
  Terence (D:2)
  2 hound zombies
  A hound skeleton (D:10)
  A worker ant zombie (D:5)
  7 gnolls
  2 howler monkey skeletons
  10 adders
  10 shadow imps
  3 oozes
  An adder skeleton (D:4)
  3 worms (D:3)
  4 dart slugs
  7 leopard geckos
  83 orcs
  3 ball pythons
  9 giant cockroaches
  19 hobgoblins
  18 jackals
  9 quokkas
  12 bats
  2 frilled lizards
  19 goblins
  29 kobolds
  A leopard gecko skeleton (D:9)
  2 quokka skeletons
  7 rats (D:1)
  2 fire vortices
  11 plants
1078 creatures vanquished.

Vanquished Creatures (others)
  A sky beast (D:6)
  An orc (D:6)
  A bush (Lair:4)
  6 fungi
  13 plants
  4 tentacles (Shoals:4)
26 creatures vanquished.

Grand Total: 1104 creatures vanquished

Notes
Turn   | Place    | Note
-------+----------+-------------------------------------------
     0 | D:1      | Kidiri the Deep Elf Fire Elementalist began the quest for the Orb.
     0 | D:1      | Reached XP level 1. HP: 10/10 MP: 6/6
     0 | D:1      | Upgraded the game from 0.20-a0-1117-g62da73f to 0.20-a0-1122-gb7cbeb9
    84 | D:1      | Reached XP level 2. HP: 2/15 MP: 0/8
    88 | D:1      | Learned a level 2 spell: Throw Flame
   630 | D:1      | Reached skill level 4 in Spellcasting
   862 | D:1      | Reached XP level 3. HP: 19/19 MP: 7/10
   867 | D:1      | Learned a level 3 spell: Conjure Flame
   871 | D:1      | Learned a level 3 spell: Inner Flame
  1953 | D:2      | Reached XP level 4. HP: 24/24 MP: 10/12
  2011 | D:2      | Noticed Terence
  2024 | D:2      | Killed Terence
  2490 | D:3      | Reached skill level 5 in Spellcasting
  2503 | D:3      | Learned a level 4 spell: Sticky Flame
  2605 | D:3      | Noticed Ijyb
  2610 | D:3      | You fall through a shaft for 2 floors!
  2610 | D:5      | Entered Level 5 of the Dungeon
  2620 | D:5      | Reached XP level 5. HP: 25/28 MP: 1/14
  2962 | D:5      | Found a white marble altar of Elyvilon.
  2965 | D:5      | Found a deep blue altar of Sif Muna.
  2968 | D:5      | Found a burning altar of Makhleb.
  2969 | D:5      | Found a radiant altar of Vehumet.
  2969 | D:5      | Found a shimmering altar of Xom.
  2969 | D:5      | Found an ornate altar of the Wu Jian Council.
  2971 | D:5      | Found an ancient bone altar of Kikubaaqudgha.
  2973 | D:5      | Found a hazy altar of Hepliaklqana.
  2975 | D:5      | Found a basalt altar of Yredelemnul.
  2978 | D:5      | Became a worshipper of Vehumet
  3035 | D:5      | Reached skill level 6 in Spellcasting
  3210 | D:5      | Noticed an ogre
  3215 | D:5      | Killed an ogre
  3215 | D:5      | Reached XP level 6. HP: 32/32 MP: 7/17
  3222 | D:5      | Learned a level 5 spell: Fireball
  3263 | D:5      | Reached skill level 5 in Fire Magic
  3509 | D:6      | Killed a sky beast
  3563 | D:5      | Reached skill level 1 in Short Blades
  3698 | D:5      | Noticed an ice beast
  3703 | D:5      | Killed an ice beast
  3703 | D:5      | Reached skill level 1 in Armour
  3703 | D:5      | Reached skill level 7 in Spellcasting
  3703 | D:5      | Reached XP level 7. HP: 37/37 MP: 12/19
  3734 | D:4      | Reached skill level 1 in Fighting
  3772 | D:3      | Killed Ijyb
  3833 | D:3      | Found a snail-covered altar of Cheibriados.
  3939 | D:3      | Reached * piety under Vehumet
  3939 | D:3      | Offered knowledge of Magic Dart by Vehumet.
  3946 | D:3      | Noticed Jessica
  3965 | D:3      | Killed Jessica
  4027 | D:3      | Identified Jessica's Reference Book on Enhancements
  4442 | D:2      | Found a hide-covered altar of Uskayaw.
  4754 | D:4      | Found Neogeupo's General Store.
  4759 | D:4      | Bought a scroll of remove curse for 42 gold pieces
  4759 | D:4      | Bought a scroll of teleportation for 42 gold pieces
  4759 | D:4      | Bought a scroll of fog for 28 gold pieces
  4759 | D:4      | Bought a scroll of identify for 28 gold pieces
  4891 | D:4      | Found an iron altar of Okawaru.
  5072 | D:6      | Noticed Duvessa
  5087 | D:6      | Killed Duvessa
  5087 | D:6      | Offered knowledge of Throw Frost by Vehumet.
  5087 | D:6      | Reached skill level 8 in Spellcasting
  5087 | D:6      | Reached XP level 8. HP: 23/43 MP: 9/22
  5091 | D:6      | Learned a level 2 spell: Throw Frost
  5126 | D:6      | Noticed Dowan
  5132 | D:6      | Killed Dowan
  5276 | D:6      | Reached ** piety under Vehumet
  5387 | D:6      | Reached skill level 1 in Ice Magic
  5562 | D:6      | Found a shimmering altar of Xom.
  5785 | D:6      | Found a staircase to the Ecumenical Temple.
  5908 | D:6      | Reached skill level 9 in Spellcasting
  6167 | D:7      | Found an ornate altar of the Wu Jian Council.
  6190 | Temple   | Entered the Ecumenical Temple
  6436 | D:7      | Noticed a white ugly thing
  6444 | D:7      | Killed a white ugly thing
  6444 | D:7      | Reached XP level 9. HP: 49/49 MP: 15/24
  6531 | D:7      | Noticed a deep elf mage
  6537 | D:7      | Killed a deep elf mage
  6537 | D:7      | Reached skill level 5 in Dodging
  6537 | D:7      | Reached skill level 5 in Conjurations
  6884 | D:8      | Offered knowledge of Ignite Poison by Vehumet.
  6889 | D:8      | Learned a level 3 spell: Ignite Poison
  6900 | D:8      | Got a warped robe
  6911 | D:8      | Identified the cursed +1 robe "Ifereibbu" {rPois rF- MR+++ Int-2} (You found it on level 8 of the Dungeon)
  7023 | D:8      | Reached skill level 10 in Spellcasting
  7074 | D:8      | Reached *** piety under Vehumet
  7464 | D:8      | Reached XP level 10. HP: 50/56 MP: 21/26
  7575 | D:8      | Offered knowledge of Fulminant Prism by Vehumet.
  7661 | D:8      | Reached skill level 1 in Poison Magic
  7695 | D:8      | Found a radiant altar of Vehumet.
  8087 | D:9      | Gained mutation: You are partially covered in yellow scales. (AC +2) [mutagenic meat]
  8088 | D:9      | Gained mutation: You are robust. (+10% HP) [mutagenic meat]
  8090 | D:9      | Gained mutation: You have a somewhat thin skeletal structure. (Dex +2, Stealth) [mutagenic meat]
  8091 | D:9      | Gained mutation: You have a moderately thin skeletal structure. (Dex +4, Stealth+) [mutagenic meat]
  8092 | D:9      | Gained mutation: Your mind is acute. (Int +2) [mutagenic meat]
  8296 | D:9      | Reached **** piety under Vehumet
  8562 | D:9      | Offered knowledge of Stone Arrow by Vehumet.
  8567 | D:9      | Learned a level 3 spell: Stone Arrow
  8737 | D:9      | Found a staircase to the Lair.
  8774 | D:9      | Found a stormy altar of Qazlal.
  8774 | D:9      | Found a glowing silver altar of Zin.
  8785 | D:9      | Reached skill level 11 in Spellcasting
  9065 | D:9      | Reached skill level 1 in Earth Magic
  9066 | D:9      | Reached skill level 5 in Short Blades
  9346 | Lair:1   | Entered Level 1 of the Lair of Beasts
  9571 | Lair:1   | Reached XP level 11. HP: 66/66 MP: 20/28
  9646 | Lair:1   | Reached skill level 5 in Ice Magic
  9753 | Lair:1   | Noticed Nergalle
 10095 | Lair:1   | Noticed Gastronok
 10297 | Lair:1   | Noticed a five-headed hydra
 10316 | Lair:1   | Killed a five-headed hydra
 10464 | Lair:1   | Killed Gastronok
 10464 | Lair:1   | Reached ***** piety under Vehumet
 10464 | Lair:1   | Reached skill level 12 in Spellcasting
 10647 | Lair:1   | Offered knowledge of Venom Bolt by Vehumet.
 10734 | Lair:1   | Learned a level 5 spell: Venom Bolt
 10880 | Lair:1   | Killed Nergalle
 11284 | Lair:2   | Reached skill level 5 in Armour
 11545 | Lair:2   | Reached XP level 12. HP: 73/73 MP: 22/30
 11615 | Lair:2   | Noticed a five-headed hydra
 11619 | Lair:2   | Killed a five-headed hydra
 11931 | Lair:2   | Noticed Sonja
 11937 | Lair:2   | Killed Sonja
 11991 | Lair:2   | Learned a level 5 spell: Lee's Rapid Deconstruction
 12391 | Lair:3   | Found a staircase to the Snake Pit.
 12464 | Lair:3   | Reached skill level 5 in Poison Magic
 12483 | Lair:3   | Reached skill level 5 in Earth Magic
 12692 | Lair:3   | Found a staircase to the Shoals.
 12726 | Lair:3   | Found a dark tunnel.
 12736 | Volcano  | Entered a volcano
 13260 | Lair:3   | Reached skill level 5 in Fighting
 13497 | Lair:3   | Identified a scroll of acquirement
 13498 | Lair:3   | Got a dazzling buckler
 13504 | Lair:3   | Identified the +2 buckler "Ustrauh" {rCorr} (You acquired it on level 3 of the Lair of Beasts)
 14108 | Lair:3   | Noticed an eight-headed hydra
 14113 | Lair:3   | Killed an eight-headed hydra
 14348 | Lair:4   | Reached skill level 13 in Spellcasting
 14438 | Lair:4   | Noticed an entropy weaver
 14451 | Lair:4   | Reached skill level 1 in Shields
 14489 | Lair:4   | Noticed an entropy weaver
 14524 | Lair:4   | Killed an entropy weaver
 14672 | Lair:4   | Killed an entropy weaver
 14672 | Lair:4   | Reached XP level 13. HP: 79/79 MP: 12/32
 14852 | Lair:4   | Noticed Nessos
 14875 | Lair:4   | Noticed Snorg
 15940 | D:10     | Entered Level 10 of the Dungeon
 15943 | D:10     | Noticed Xoff's ghost (journeyman MiFi)
 16163 | D:10     | Found Ajuacen's Book Shop.
 16364 | D:10     | Found a flagged portal.
 16380 | Bailey   | Entered a bailey
 17510 | D:10     | Killed Xoff's ghost
 17883 | D:11     | Got a steaming great sword
 17902 | D:11     | Identified the +5 great sword of Reason {pain, Str+7} (You found it on level 11 of the Dungeon)
 18083 | D:11     | Reached ****** piety under Vehumet
 18135 | D:11     | Offered knowledge of Yara's Violent Unravelling by Vehumet.
 18200 | D:11     | Found a staircase to the Orcish Mines.
 18201 | D:11     | Gained mutation: Your spells are a little harder to cast, but a little more powerful. [mutagenic meat]
 18202 | D:11     | Gained mutation: Potions are less effective at restoring your health. [mutagenic meat]
 18203 | D:11     | Gained mutation: Your mind is very acute. (Int +4) [mutagenic meat]
 18204 | D:11     | Gained mutation: You are agile. (Dex +2) [mutagenic meat]
 18206 | D:11     | Gained mutation: You possess an exceptional clarity of mind. [mutagenic meat]
 18212 | D:11     | Found a roughly hewn altar of Beogh.
 18541 | Orc:1    | Entered Level 1 of the Orcish Mines
 18822 | Orc:2    | Entered Level 2 of the Orcish Mines
 19043 | Orc:2    | Reached skill level 14 in Spellcasting
 19174 | Orc:2    | Found a roughly hewn altar of Beogh.
 19318 | Orc:2    | Found a roughly hewn altar of Beogh.
 19426 | Orc:2    | Found a roughly hewn altar of Beogh.
 19475 | Orc:2    | Found a roughly hewn altar of Beogh.
 19500 | Orc:2    | Found Optuoh's Jewellery Boutique.
 19636 | Orc:2    | Found a roughly hewn altar of Beogh.
 19638 | Orc:2    | Found Jiach's Armour Boutique.
 19648 | Orc:2    | Bought the +1 leather armour of Duty {*Contam rElec Regen+ Int+5} for 362 gold pieces
 19671 | Orc:2    | Found a staircase to the Elven Halls.
 19703 | Orc:2    | Offered knowledge of Freezing Cloud by Vehumet.
 19704 | Orc:2    | Noticed an orc warlord
 20087 | Orc:2    | Found a roughly hewn altar of Beogh.
 20178 | Orc:2    | Killed an orc warlord
 20178 | Orc:2    | Reached XP level 14. HP: 86/86 MP: 8/34
 20297 | Orc:2    | Found Zemmip's Antique Armour Emporium.
 20300 | Orc:2    | Found a roughly hewn altar of Beogh.
 20303 | Orc:2    | Found Ykellus's Antique Weapon Shoppe.
 20632 | Lair:4   | Killed Nessos
 20662 | Lair:4   | Killed Snorg
 20974 | Lair:5   | Learned a level 6 spell: Freezing Cloud
 21043 | Lair:5   | Found a staircase to the Slime Pits.
 21043 | Lair:5   | Found a viscous altar of Jiyva.
 21957 | Lair:6   | Entered Level 6 of the Lair of Beasts
 21966 | Lair:5   | Reached skill level 1 in Air Magic
 22159 | Lair:5   | Offered knowledge of Lightning Bolt by Vehumet.
 22271 | Lair:6   | Reached skill level 10 in Fire Magic
 23025 | Lair:6   | Reached skill level 15 in Spellcasting
 23422 | Lair:6   | Got a crystal long sword
 23423 | Lair:6   | Identified the cursed +0 long sword "Rygaxacu" {slice, MP+9} (You found it on level 6 of the Lair of Beasts)
 23657 | Lair:6   | Identified the Reference Book on Talismans
 24159 | D:12     | Reached XP level 15. HP: 93/93 MP: 25/36
 24260 | D:12     | Offered knowledge of Bolt of Cold by Vehumet.
 25183 | D:13     | Found a portal to a secret trove of treasure.
 25563 | D:13     | Reached skill level 10 in Dodging
 26237 | D:14     | Offered knowledge of Bolt of Fire by Vehumet.
 26331 | D:14     | Found a sacrificial altar of Ru.
 26525 | D:14     | Found Nouz Qo Oph's Antique Weapon Boutique.
 27018 | D:14     | Found a gate to the Vaults.
 27184 | D:15     | Entered Level 15 of the Dungeon
 27635 | D:15     | Found a staircase to the Depths.
 27636 | D:15     | Noticed a fire giant
 27639 | D:15     | Killed a fire giant
 27639 | D:15     | Reached skill level 16 in Spellcasting
 27821 | D:15     | Learned a level 6 spell: Bolt of Fire
 27895 | D:15     | Found Mukluno's Antique Weapon Shoppe.
 28329 | Shoals:1 | Entered Level 1 of the Shoals
 28541 | Shoals:1 | Noticed Roxanne
 28547 | Shoals:1 | Killed Roxanne
 28547 | Shoals:1 | Reached XP level 16. HP: 101/101 MP: 21/38
 28575 | Shoals:1 | Identified Roxanne's Guide on the Mountains (You took it off Roxanne on level 1 of the Shoals)
 28831 | Shoals:1 | Offered knowledge of Conjure Ball Lightning by Vehumet.
 29562 | Shoals:1 | Reached skill level 5 in Shields
 29715 | Shoals:1 | Reached skill level 5 in Air Magic
 29934 | Shoals:1 | Noticed a kraken
 30390 | Shoals:2 | Noticed Polyphemus
 30396 | Shoals:2 | Killed Polyphemus
 30402 | Shoals:2 | Reached skill level 10 in Conjurations
 31595 | Shoals:3 | Found Ywka Oto's Assorted Antiques.
 31609 | Shoals:3 | Bought a scroll of enchant weapon for 352 gold pieces
 31609 | Shoals:3 | Bought a potion of brilliance for 188 gold pieces
 31774 | Shoals:3 | Got a thick robe
 31785 | Shoals:3 | Identified the +1 robe "Wehoaf" {MR+ Str+2 Int+4 Dex-4} (You found it on level 3 of the Shoals)
 31806 | Shoals:3 | Gained mutation: You occasionally shout uncontrollably at your foes. [mutagenic glow]
 31932 | Shoals:3 | Noticed Aizul
 31936 | Shoals:3 | Killed Aizul
 32059 | Shoals:3 | Reached skill level 10 in Ice Magic
 32130 | Shoals:3 | Reached skill level 17 in Spellcasting
 32268 | Shoals:3 | Offered knowledge of Lehudib's Crystal Spear by Vehumet.
 32268 | Shoals:3 | Offered knowledge of Tornado by Vehumet.
 32268 | Shoals:3 | Offered knowledge of Ignition by Vehumet.
 32643 | Shoals:4 | Entered Level 4 of the Shoals
 32717 | Shoals:4 | Reached XP level 17. HP: 106/106 MP: 40/40
 33227 | Shoals:4 | Noticed Ilsuiw
 33232 | Shoals:4 | Killed Ilsuiw
 33631 | Shoals:4 | Reached skill level 10 in Earth Magic
 34287 | Shoals:4 | Got a warped hand axe
 34288 | Shoals:4 | Identified the +7 hand axe of the Magic Mushroom {drain, rN+++ Dex+3} (You found it on level 4 of the Shoals)
 34752 | Shoals:4 | Reached skill level 10 in Poison Magic
 34926 | Shoals:4 | Got a barnacled rune of Zot
 35217 | Snake:1  | Entered Level 1 of the Snake Pit
 36203 | Snake:1  | Found Xyowkag's Distillery.
 36210 | Snake:1  | Found Zodghap's General Store.
 36215 | Snake:1  | Bought a potion of heal wounds for 80 gold pieces
 36215 | Snake:1  | Bought a potion of heal wounds for 80 gold pieces
 36215 | Snake:1  | Bought a potion of haste for 160 gold pieces
 36215 | Snake:1  | Bought a potion of magic for 128 gold pieces
 36215 | Snake:1  | Bought a potion of agility for 64 gold pieces
 36215 | Snake:1  | Bought a potion of cancellation for 128 gold pieces
 36215 | Snake:1  | Bought a potion of curing for 48 gold pieces
 36215 | Snake:1  | Bought a potion of heal wounds for 80 gold pieces
 36215 | Snake:1  | Bought a potion of agility for 64 gold pieces
 36215 | Snake:1  | Bought a potion of heal wounds for 80 gold pieces
 36215 | Snake:1  | Bought a potion of haste for 160 gold pieces
 36215 | Snake:1  | Bought a potion of haste for 160 gold pieces
 36215 | Snake:1  | Bought a potion of curing for 48 gold pieces
 36215 | Snake:1  | Bought a potion of curing for 48 gold pieces
 36215 | Snake:1  | Bought a potion of invisibility for 128 gold pieces
 36299 | Lair:3   | Reached skill level 18 in Spellcasting
 36299 | Lair:3   | Reached XP level 18. HP: 114/114 MP: 24/42
 36324 | Snake:1  | HP: 2/114 [salamander (9)]
 36325 | Snake:1  | Slain by a salamander

Vault maps used:
D:1:      dpeg_arrival_shelter
D:2:      lemuel_upstairs_altar, nrook_mini_backslash, uniq_terence
D:3:      old_standard_altar, kennysheep_jessica_study, uniq_ijyb
D:4:      serial_shops, kennysheep_little_box, st_stairs_1,
          kennysheep_okawaru_gauntlet
D:5:      minitemple, first_bread
D:6:      minmay_temple_entry_from_below_a, grunt_decor_arrowhead,
          xom_confusion_cloud, uniq_duvessa
D:7:      basic_altar, minmay_misc_feat_encased, kb_rosetta
D:8:      vehumet_altar_wand_db
D:9:      nicolae_qazlal_eye_of_the_storm, overflow_temple_1_default,
          erik_lair_orcish_takeover, grunt_livestock
D:10:     cheibrodos_grave_circle, enter_bailey_3, serial_shops, shop
D:11:     minmay_orc_entry_temple_small, serial_column_ruins,
          column_ruins_columns_corner, column_ruins_columns_corner,
          column_ruins_open_tiny, column_ruins_open_tiny,
          column_ruins_columns_corner, column_ruins_corridor_T
D:12:     minmay_separated_statues
D:13:     nicolae_trove_entry_free_sample
D:14:     hangedman_vaults_entry_quadrant_bands,
          nicolae_ru_the_path_less_chosen, serial_shops, shop
D:15:     grunt_enter_depths_giant_problem, serial_park_square2, serial_shops,
          nicolae_shop_trees
Temple:   zaba_magenta_temple
Lair:1:   st_stairs_6, infiniplex_staircase_pool_2, uniq_nergalle,
          uniq_gastronok
Lair:2:   uniq_sonja
Lair:3:   elwin_shoals_entry_rocks, minmay_snake_entry_guardpost_medium,
          enter_volcano_1
Lair:4:   minmay_another_anthill, uniq_nessos, uniq_snorg
Lair:5:   slime_altar_1, infiniplex_staircase_pool, serial_bayou_shore_b,
          grunt_megastairs_2, serial_bayou_shore_a
Lair:6:   evilmike_catoblepas_cave, minivault_24, st_stairs_4,
          lemuel_fruit_tree, lemuel_fruit_fields
Shoals:1: st_sunken_temple, uniq_roxanne
Shoals:2: uniq_polyphemus
Shoals:3: serial_shops, nicolae_shop_statue_plus, uniq_aizul
Shoals:4: shoals_end_grunt_ice, shoals_ilsuiw_alternative
Snake:1:  serial_bayou_shore_b, minmay_shoptagon
Orc:2:    grunt_orc_community_town_hall, grunt_orc_community_big_house_2,
          grunt_orc_community_big_house_1, grunt_orc_community_house_1,
          grunt_orc_community_house_1, grunt_orc_community_house_1,
          grunt_orc_community_house_3, grunt_orc_community_house_2,
          grunt_orc_community_house_1
Bailey:   bailey_axe_4, bailey
Volcano:  volcano_overflow

Skill      XL: |  1  2  3  4  5  6  7  8  9 10 11 12 13 14 15 16 17 |
---------------+----------------------------------------------------+-----
Spellcasting   | 4 5 6 7 8 9 10 11 12 13 14 15 16 17 18 | 18.1
Fire Magic     | 4 5 6 7 8 9 10 11 12 | 12.0
Conjurations   | 2 3 4 5 6 7 8 9 10 11 | 11.0
Short Blades   | 1 2 3 4 5 6 7 8 |  8.7
Armour         | 1 2 3 4 5 6 7 8 9 |  9.0
Dodging        | 3 4 5 6 7 8 9 10 | 10.0
Fighting       | 1 2 3 4 5 6 7 8 |  8.3
Ice Magic      | 2 3 4 5 6 7 8 9 10 | 10.8
Poison Magic   | 2 4 5 6 7 8 9 10 | 10.3
Earth Magic    | 2 4 5 7 8 9 10 | 10.5
Shields        | 1 2 3 4 5 6 |  6.5
Air Magic      | 3 4 6 7 |  7.0
Stealth        | |  2.4

Action                   |  1- 3 |  4- 6 |  7- 9 | 10-12 | 13-15 | 16-18 || total
-------------------------+-------+-------+-------+-------+-------+-------++-------
Melee: Dagger            |    16 |     4 |    59 |    95 |   247 |    25 ||   446
       Falchion          |       |    67 |       |       |       |       ||    67
 Cast: Flame Tongue      |    71 |    65 |   134 |   170 |   173 |    64 ||   677
       Throw Flame       |     3 |    13 |    33 |    47 |    29 |     5 ||   130
       Sticky Flame      |       |     5 |    22 |    50 |    81 |    20 ||   178
       Conjure Flame     |       |     1 |    13 |    12 |    30 |     4 ||    60
       Inner Flame       |       |       |    15 |     9 |    25 |       ||    49
       Throw Frost       |       |       |     7 |    13 |     7 |       ||    27
       Fireball          |       |       |     2 |    18 |    51 |    21 ||    92
       Stone Arrow       |       |       |       |    43 |   190 |    10 ||   243
       Venom Bolt        |       |       |       |    46 |   228 |     3 ||   277
       Ignite Poison     |       |       |       |     2 |     4 |       ||     6
       Lee's Rapid Decon |       |       |       |     4 |    16 |     3 ||    23
       Freezing Cloud    |       |       |       |       |    18 |     1 ||    19
       Bolt of Fire      |       |       |       |       |    11 |   326 ||   337
 Abil: Evoke Flight      |       |       |       |       |     4 |     6 ||    10
Evoke: Wand              |       |       |       |     4 |     2 |       ||     6
  Use: Scroll            |     3 |     5 |    15 |     6 |    20 |    14 ||    63
       Potion            |       |       |       |     6 |     3 |     7 ||    16
 Stab: Sleeping          |     2 |       |     3 |     1 |     3 |     1 ||    10
       Distracted        |       |       |       |       |     2 |       ||     2
  Eat: Chunk             |     2 |     3 |    11 |    15 |    32 |    15 ||    78
       Bread ration      |       |     1 |       |     1 |     1 |       ||     3
       Fruit             |       |       |     2 |     2 |    12 |    11 ||    27
       Royal jelly       |       |       |       |     6 |     6 |       ||    12
Armor: Robe              |     8 |    29 |    42 |    75 |    58 |    21 ||   233
       Leather armour    |       |       |       |       |   102 |    25 ||   127
       Troll leather arm |       |       |       |       |     4 |       ||     4
Dodge: Dodged            |    25 |    83 |    70 |   163 |   295 |    72 ||   708
Block: Buckler           |       |       |       |     3 |   131 |       ||   134
       Shield            |       |       |       |       |    30 |    73 ||   103
       Rpst.: Falchion   |       |    22 |       |       |       |       ||    22
